 Dungeon Crawl Stone Soup version 0.20-a0-820-g557356e (webtiles) character file.

55 Gorglomux the Magician (level 4, 0/24 HPs)
             Began as a Kobold Wanderer on Mar 4, 2017.
             Succumbed to an adder's poison
             ... on level 2 of the Dungeon.
             The game lasted 00:04:25 (1633 turns).

Gorglomux the Magician (Kobold Wanderer)            Turns: 1633, Time: 00:04:25

Health: 0/24       AC:  2    Str:  8    XL:     4   Next: 14%
Magic:  3/10       EV: 13    Int: 14    God:
Gold:   15         SH:  0    Dex: 15    Spells: 6/11 levels left

rFire    . . .     SeeInvis .   R - +2 dagger (venom)
rCold    . . .     Gourm    .   d - +0 robe
rNeg     . . .     Faith    .   (shield restricted)
rPois    .         Spirit   .   (no helmet)
rElec    .         Reflect  .   (no cloak)
rCorr    .         Harm     .   (no gloves)
MR       .....                  (no boots)
Stlth    ++........             (no amulet)
Regen    0.1/turn               (no ring)
MPRegen  0.2/turn               (no ring)

@: lethally poisoned (0 -> -6), exhausted, very slightly contaminated, slowed,
very slow
A: carnivore 3
a: no special abilities


You were on level 2 of the Dungeon.
You were completely stuffed.

You visited 1 branch of the dungeon, and saw 2 of its levels.

You collected 15 gold pieces.

Inventory:

Hand Weapons
 e - a +0 dagger
 R - a +2 dagger of venom (weapon)
 Z - a +4 short sword
Armour
 d - a +0 robe (worn)
Jewellery
 Y - an uncursed ring of protection from cold {unknown}
Scrolls
 T - a scroll of teleportation
 U - a scroll of enchant weapon {unknown}
 V - a scroll of remove curse
 W - a scroll of amnesia {unknown}
Books
 a - a book of Minor Magic

   Spells                             Type                      Level
   a - Magic Dart                     Conjuration                  1
   b - Blink                          Translocation                2
   c - Call Imp                       Summoning                    2
   d - Slow                           Hexes                        2
   e - Conjure Flame                  Conjuration/Fire             3
   f - Mephitic Cloud                 Conjuration/Poison/Air       3
 b - the Grimoire of the Frostbite

   Spells                             Type                      Level
   a - Throw Frost                    Conjuration/Ice              2
   b - Ensorcelled Hibernation        Hexes/Ice                    2
Comestibles
 f - a meat ration
 Q - a chunk of flesh
 S - a royal jelly


   Skills:
 - Level 2.0 Short Blades
 - Level 1.1 Throwing
 - Level 2.0 Stealth
   Level 1.0 Shields
 - Level 4.3 Spellcasting
 + Level 1.5 Conjurations
 + Level 1.2 Hexes
   Level 2.0 Necromancy
 + Level 0.8 Ice Magic
   Level 2.0 Earth Magic


You had 6 spell levels left.
You knew the following spells:

 Your Spells              Type           Power        Failure   Level  Hunger
a - Magic Dart            Conj           #...         12%         1    None
d - Blink                 Tloc           N/A          30%         2    ##.....
z - Ensorcelled Hibernat  Hex/Ice        #.....       21%         2    ##.....


Dungeon Overview and Level Annotations

Branches:
Dungeon (2/15)

Altars:


Innate Abilities, Weirdness & Mutations

You are small and have problems with some larger weapons.
You are carnivorous and can eat meat at any time.


Message History

* * * LOW HITPOINT WARNING * * *
You puncture the adder!
You kill the adder!
You have reached level 4!
* * * LOW HITPOINT WARNING * * *
You feel sick.
You see here an adder corpse.
You feel a strong urge to attack something.
* * * LOW HITPOINT WARNING * * *
You feel sick.
You are no longer berserk.
You are exhausted.
You feel yourself slow down.
You see here an adder corpse.
* * * LOW HITPOINT WARNING * * *
You feel sick.
* * * LOW HITPOINT WARNING * * *
You feel sick.
You see here an adder corpse.
You die...

# #.....#.#.#
#.#.###.# #
#.#...#.#.#
#.#)......#
#.#.......#
#.#.......#
#.#.......#
#.#.........
#.@.....###..
#.##....?.. .
..........##
#########..#
..# .# #


There were no monsters in sight!

Vanquished Creatures
  2 adders (D:2)
  2 oozes (D:1)
  2 dart slugs (D:1)
  A leopard gecko (D:1)
  2 bats (D:1)
  A giant cockroach (D:1)
  3 goblins (D:1)
  2 hobgoblins (D:1)
  A ball python (D:2)
  4 frilled lizards
  4 kobolds (D:1)
  2 rats (D:1)
26 creatures vanquished.

Notes
Turn   | Place    | Note
-------+----------+-------------------------------------------
     0 | D:1      | Gorglomux the Kobold Wanderer began the quest for the Orb.
     0 | D:1      | Gorglomux set off with: a book of Minor Magic, the Grimoire of the Frostbite, a +0 robe, a +0 dagger, a meat ration, a scroll of teleportation
     0 | D:1      | Reached XP level 1. HP: 10/10 MP: 5/5
     0 | D:1      | Identified the Grimoire of the Frostbite
    18 | D:1      | Learned a level 1 spell: Magic Dart
    42 | D:1      | Reached skill level 1 in Stealth
   329 | D:1      | Reached skill level 1 in Short Blades
   329 | D:1      | Reached XP level 2. HP: 15/15 MP: 4/7
   449 | D:1      | Learned a level 2 spell: Ensorcelled Hibernation
   493 | D:1      | Reached skill level 1 in Conjurations
   763 | D:1      | Reached XP level 3. HP: 19/19 MP: 5/8
  1468 | D:1      | Learned a level 2 spell: Blink
  1566 | D:2      | Reached skill level 1 in Hexes
  1626 | D:2      | Reached XP level 4. HP: 4/24 MP: 2/10
  1631 | D:2      | HP: 1/24 [poisoned by an adder]
  1633 | D:2      | Succumbed to an adder's poison

Vault maps used:
D:1:      dpeg_arrival_more_subterranean_lakeside_camping
D:2:      gammafunk_temple_overflow_statue, mrwooster_statue_mirror,
          minivault_5, minivault_25

Skill      XL: |  1  2  3 |
---------------+----------+-----
Stealth        | 1 2 |  2.0
Short Blades   | 1 2 |  2.0
Conjurations   | 1 |  1.5
Hexes          | 1 |  1.2
Throwing       | |  1.1
Shields        | |  1.0
Spellcasting   | |  4.3
Necromancy     | |  2.0
Ice Magic      | |  0.8
Earth Magic    | |  2.0

Action                   |  1- 3 |  4- 6 || total
-------------------------+-------+-------++-------
Melee: Dagger            |    80 |       ||    80
       Short sword       |     3 |       ||     3
 Cast: Magic Dart        |    37 |       ||    37
       Ensorcelled Hiber |     3 |       ||     3
  Use: Scroll            |     1 |       ||     1
       Potion            |     1 |       ||     1
 Stab: Sleeping          |     1 |       ||     1
  Eat: Chunk             |    11 |       ||    11
Armor: Robe              |    12 |       ||    12
Dodge: Dodged            |    62 |       ||    62
